 Dungeon Crawl Stone Soup version 0.16-b1 (webtiles) character file.

1322 McCoppin the Carver (level 8, -6/59 HPs)
             Began as a Human Fighter on Mar 12, 2015.
             Was a Follower of Zin.
             Killed by divine providence
             ... invoked by an orc priest
              (16 damage)
             ... on level 6 of the Dungeon.
             The game lasted 00:28:23 (6295 turns).

McCoppin the Carver (Human Fighter)                 Turns: 6295, Time: 00:28:23

Health: -6/59      AC:  9    Str: 20    XL:     8   Next: 90%
Magic:  17/17      EV:  7    Int:  8    God:    Zin [*.....]
Gold:   291        SH:  9    Dex: 12    Spells: 0 memorised, 7 levels left

rFire  . . .     SeeInvis .     n - +0 blowgun
rCold  . . .     Clarity  .     b - +0 scale mail
rNeg   . . .     SustAb   .     c - +0 shield
rPois  +         Gourm    +     e - +0 helmet
rElec  +         Spirit   .     (no cloak)
rCorr  .         Warding  .     (no gloves)
rMut   .         Stasis   .     h - +0 pair of boots
MR     .....                    q - amulet of the gourmand
Stlth  ..........               (no ring)
                                v - ring of magical power

@: not resistant to hostile enchantments, extremely unstealthy
A: poison resistance, electricity resistance, spit poison 1
a: Spit Poison, Recite, Renounce Religion


You were on level 6 of the Dungeon.
You worshipped Zin.
Zin was aware of your devotion.
You were not hungry.

You visited 2 branches of the dungeon, and saw 7 of its levels.

You collected 323 gold pieces.
You donated 32 gold pieces to Zin.

Inventory:

Hand weapons
 a - a +0 long sword
 n - a +0 blowgun (weapon)
Missiles
 p - 35 poisoned needles (quivered)
 r - 3 needles of slowing
Armour
 b - a +0 scale mail (worn)
 c - a +0 shield (worn)
 e - a +0 helmet (worn)
 h - a +0 pair of boots (worn)
 z - a +0 plate armour
Jewellery
 q - an amulet of the gourmand (around neck)
 v - a ring of magical power (left hand)
Scrolls
 f - a scroll of blinking {unknown}
 i - 2 scrolls of remove curse
 k - a scroll of recharging
 l - 2 scrolls of amnesia {unknown}
 m - a scroll of immolation
 t - a scroll of noise
 w - a scroll of teleportation
 y - 2 scrolls of random uselessness
Potions
 j - a potion of flight
 o - a potion of haste
 s - a potion of resistance
 u - 2 potions of cancellation
 A - a potion of agility {unknown}
 D - 2 potions of berserk rage {unknown}
Comestibles
 d - 2 bread rations
 g - 4 meat rations
 x - 2 beef jerkies
 E - a chunk of flesh


   Skills:
 - Level 3.6 Fighting
 + Level 10.1 Long Blades
 - Level 3.0 Armour
 - Level 3.0 Shields


You had 7 spell levels left.
You didn't know any spells.

Dungeon Overview and Level Annotations

Branches:
Dungeon (6/15)             Temple (1/1) D:4

Altars:
Ashenzari
Cheibriados
Dithmenos
Elyvilon
Fedhas
Gozag
Kikubaaqudgha
Makhleb
Nemelex Xobeh
Okawaru
Qazlal
Ru
Sif Muna
Trog
Vehumet
Xom
Yredelemnul
Zin
The Shining One


Innate Abilities, Weirdness & Mutations

Your system is resistant to poisons.
You are resistant to electric shocks.
You can spit poison.


Message History

The orc priest calls down the wrath of Beogh upon you.
Something smites you!
The orc shouts!
You hear a shout!
The orc priest invokes the aid of Beogh against you.
You struggle to resist.
You kill the orc warrior!
Your Long Blades skill increases to level 10!
Firing (i - inventory. (,) - cycle):
p - 36 poisoned needles (quivered)
Press: ? - help, Shift-Dir - straight line, f/p - orc priest
Aim: an orc priest, wielding a falchion (moderately wounded, poisoned)
You shoot a poisoned needle.
The poisoned needle hits the orc priest!
The orc priest looks even sicker.
The orc priest is moderately wounded.
The orc priest invokes the aid of Beogh against you.
Pain shoots through your body!
* * * LOW HITPOINT WARNING * * *
The orc priest mumbles some strange prayers to Beogh against you.
Something smites you!
You die...

#(# o# #..# ..
#.# #. .. #.#
o# # #.##.# .#
#.>o.# ..#
##...# #..#
#..## #...#
####o######...#
#...oo)...@.#
####......###
###...## #####


You could see an orc priest and 2 orcs.

Vanquished Creatures
  2 orc warriors
  An eye of draining (D:5)
  2 sky beasts
  An ogre (D:5)
  2 giant frogs
  A scorpion (D:5)
  A crimson imp (D:5)
  A jelly (D:5)
  2 worker ants (D:4)
  An iguana (D:5)
  A goliath beetle (D:6)
  2 hounds (D:4)
  2 orc priests
  2 orc wizards (D:3)
  A killer bee zombie (D:6)
  A hound zombie (D:5)
  Robin (D:2)
  7 adders
  4 gnolls (D:2)
  2 shadow imps
  An adder skeleton (D:5)
  An ooze (D:5)
  10 orcs
  14 bats
  2 bat zombies
  5 giant cockroaches
  20 goblins
  11 hobgoblins
  6 jackals (D:3)
  10 kobolds
  2 quokkas
  4 giant geckos
  8 giant newts
  A jackal skeleton (D:6)
  A quokka zombie (D:5)
  10 rats
  A butterfly (D:4)
144 creatures vanquished.

Notes
Turn   | Place    | Note
--------------------------------------------------------------
     0 | D:1      | McCoppin, the Human Fighter, began the quest for the Orb.
     0 | D:1      | Reached XP level 1. HP: 18/18 MP: 1/1
   114 | D:1      | Reached XP level 2. HP: 14/24 MP: 2/2
   748 | D:1      | Reached XP level 3. HP: 29/29 MP: 3/3
  1294 | D:2      | Noticed Robin
  1337 | D:2      | Killed Robin
  1337 | D:2      | Reached XP level 4. HP: 22/36 MP: 4/4
  1765 | D:2      | Reached skill level 4 in Long Blades
  1777 | D:2      | Reached XP level 5. HP: 19/41 MP: 5/5
  2377 | D:3      | Reached skill level 5 in Long Blades
  2502 | D:3      | Reached XP level 6. HP: 43/47 MP: 6/6
  2935 | D:3      | HP: 2/47 [orc wizard/dagger (5)]
  2937 | D:3      | Gained mutation: You can spit poison. [potion of mutation]
  2937 | D:3      | Gained mutation: Your system is resistant to poisons. [potion of mutation]
  2937 | D:3      | Gained mutation: You are resistant to electric shocks. [potion of mutation]
  2967 | D:3      | Reached skill level 6 in Long Blades
  3613 | D:4      | Found a staircase to the Ecumenical Temple.
  3623 | Temple   | Entered the Ecumenical Temple
  3920 | D:4      | Noticed a sky beast
  3952 | D:4      | Killed a sky beast
  3952 | D:4      | Reached XP level 7. HP: 34/52 MP: 7/7
  4201 | D:4      | Reached skill level 7 in Long Blades
  4677 | D:4      | You fall through a shaft!
  4677 | D:5      | Entered Level 5 of the Dungeon
  4730 | D:5      | Reached skill level 8 in Long Blades
  4895 | D:5      | Reached XP level 8. HP: 52/59 MP: 8/8
  5143 | D:5      | Reached skill level 9 in Long Blades
  5164 | D:5      | Found a stormy altar of Qazlal.
  6003 | D:6      | Found a shadowy altar of Dithmenos.
  6010 | D:6      | Found a bloodstained altar of Trog.
  6038 | D:6      | Found a glowing silver altar of Zin.
  6039 | D:6      | Found a burning altar of Makhleb.
  6039 | D:6      | Found a radiant altar of Vehumet.
  6045 | D:6      | Became a worshipper of Zin the Law-Giver
  6045 | D:6      | Acquired Zin's first power
  6292 | D:6      | Reached skill level 10 in Long Blades
  6295 | D:6      | Killed from afar by an orc priest

Action                   |  1- 3 |  4- 6 |  7- 9 || total
-------------------------+-------+-------+-------++-------
Melee: Long sword        |   169 |   237 |   182 ||   588
 Fire: Blowgun           |       |     9 |    32 ||    41
Invok: Recite            |       |       |     1 ||     1
  Use: Potion            |     1 |     6 |       ||     7
       Scroll            |       |       |     7 ||     7
  Eat: Chunk             |     1 |     8 |     6 ||    15
       Meat ration       |       |       |     1 ||     1
       Beef jerky        |       |       |     1 ||     1
